Map: Bel'Shir Vestige LE (Void)

Players

Musumeci

  • Race: Zerg Zerg
  • League: Diamond
  • Spawn Location: 5:00

Cale - Winner!

  • Race: Zerg Zerg
  • League: Diamond
  • Spawn Location: 11:00

VOD

Have the link to the VOD?

Description

Time

  • Played on: Feb. 15, 2017, 4:36 a.m.
  • Length: 11:02
Show
View Real Time Build Order
Export as new Build Order

Musumeci Zerg 

Build Orders: Pool First 

Get SALT Encoding   

  12  0:00  Drone  
  13  0:07  Drone  
  14  0:26  Spawning Pool  
  13  0:42  Drone  
  14  0:43  Drone, Extractor  
  14  0:49  Overlord  
  15  1:13  Zergling x4  
  15  1:15  Zergling x2  
  18  1:26  Zergling x2  
  18  1:27  Hatchery  
  18  1:37  Spine Crawler, Zergling x2  
  19  2:00  Spine Crawler, Drone x2  
  20  2:09  Drone  
  22  2:22  Spine Crawler  
  21  2:24  Drone  
  22  2:35  Queen  
  21  2:40  Extractor  
  21  2:41  Zergling x4  
  22  2:55  Queen  
  22  2:58  Drone x3  
  27  3:05  Overlord  
  27  3:06  Overlord  
  27  3:24  Queen  
  27  3:25  Zergling x8  
  33  3:31  Roach Warren  
  32  3:45  Spine Crawler  
  31  3:49  Zergling x8  
  35  3:56  Metabolic Boost  
  35  4:22  Overlord  
  35  4:41  Zergling x16  
  43  4:47  Evolution Chamber  
  43  4:52  Queen  
  40  5:02  Zergling x6  
  43  5:24  Zergling x2  
  37  6:01  Zergling x18  
  37  6:19  Zergling x8  
  37  6:31  Zerg Ground Armor Level 1  
  36  6:34  Zergling x2  
  36  6:35  Zergling x4  
  39  6:44  Zergling x2  
  40  6:57  Lair, Extractor  
  40  6:59  Drone x5  
  44  7:24  Extractor x2, Overlord  
  44  7:25  Overlord  
  42  7:43  Unknown  
  42  7:46  Drone x3  
  31  8:18  Zergling x2  
  19  8:53  Hatchery  
  14  10:11  Unknown x2  
Show
View Real Time Build Order
Export as new Build Order

Cale Zerg - Winner!

Build Orders: Hatch First 

Get SALT Encoding   

  12  0:01  Drone  
  13  0:13  Overlord  
  13  0:18  Drone  
  14  0:24  Drone, Extractor  
  15  0:34  Drone  
  16  0:37  Drone  
  17  0:56  Drone  
  18  0:57  Hatchery  
  18  1:00  Drone  
  18  1:02  Extractor  
  17  1:14  Spawning Pool  
  17  1:17  Drone  
  17  1:26  Drone  
  18  1:34  Drone  
  19  1:47  Overlord  
  19  2:01  Queen  
  19  2:02  Zergling x2  
  19  2:07  Zergling x2  
  23  2:09  Spine Crawler  
  23  2:12  Spine Crawler  
  23  2:15  Zergling x2  
  22  2:16  Zergling x2  
  22  2:22  Zergling x2  
  24  2:23  Zergling x2  
  25  2:46  Roach Warren  
  25  2:51  Metabolic Boost  
  25  3:22  Drone x2  
  27  3:27  Hatchery  
  26  3:41  Drone x2  
  26  3:42  Drone x2  
  30  3:55  Overlord  
  30  4:03  Overlord  
  30  4:16  Baneling Nest  
  29  4:17  Lair  
  29  4:19  Drone x3  
  32  4:38  Overlord, Extractor  
  32  4:42  Overlord  
  32  4:43  Drone x3  
  34  4:50  Drone  
  35  5:07  Zergling x6  
  37  5:15  Zergling x2  
  37  5:17  Roach x3  
  35  5:34  Roach  
  35  5:35  Roach x2  
  32  5:54  Baneling  
  32  5:56  Roach x3  
  33  6:21  Roach x3  
  37  6:26  Queen  
  39  6:39  Zergling x2  
  40  6:47  Spine Crawler  
  39  6:54  Nydus Network  
  39  6:58  Baneling  
  38  7:09  Overseer  
  38  7:13  Queen  
  38  7:15  Zergling x6  
  43  7:34  Nydus Canal  
  43  7:48  Queen, Zergling x8  
  43  7:49  Zergling x2  
  48  7:58  Spine Crawler  
  48  7:59  Baneling x3  
  40  8:09  Roach  
  41  8:15  Zergling x2  
  29  8:36  Roach  
  28  8:53  Drone  
  28  8:54  Drone  
  29  9:05  Drone  
  30  9:11  Drone  
  30  9:37  Drone x3  
  33  9:44  Queen  
  35  10:07  Drone x2  
  35  10:16  Drone  
  34  10:29  Roach  
Tags
 
Add a new tag
Caveats
  • Supply blocks, unpowered buildings, or Contaminate may cause inaccurate times.
  • Supply counts are checked every 10 seconds.